WCHLSIM.com - West Coast Hockey League
html PUBLIC "-//W3C//DTD XHTML 1.0 Transitional//EN" "http://www.w3.org/TR/xhtml1/DTD/xhtml1-transitional.dtd"> WCHL - Game 168 - NORTH DAKOTA HAWKS vs SAN DIEGO THUNDER

NORTH DAKOTA HAWKS vs SAN DIEGO THUNDER

Created - 5 novembre 2022 at 23:02

Goals
1 2 3 T
NORTH DAKOTA HAWKS 0 2 4 6
SAN DIEGO THUNDER 1 2 1 4
Shots
1 2 3 T
NORTH DAKOTA HAWKS 7 12 21 40
SAN DIEGO THUNDER 9 11 7 27

1st period

1. SAN DIEGO THUNDER , Evander Kane 4 (Mark Scheifele 7, Ryan Hartman 5) at 19:06

Penalties :
Josh Manson (NDH) for Roughing (Minor) at 5:47

2nd period

2. NORTH DAKOTA HAWKS , Nazem Kadri 6 (Jason Robertson 10, Jack Hughes 9) at 2:54 (PP)
3. NORTH DAKOTA HAWKS , Jason Robertson 3 (Nazem Kadri 6, Mathew Dumba 1) at 7:51 (PP)
4. SAN DIEGO THUNDER , Brandon Saad 2 (Logan Couture 5) at 14:22
5. SAN DIEGO THUNDER , Mark Scheifele 2 (Charles McAvoy 5, Ryan Hartman 6) at 17:36

Penalties :
Isac Lundestrom (SDG) for Slashing (Minor) at 2:29, Radko Gudas (SDG) for Hooking (Minor) at 5:56, Tyler Motte (SDG) for Holding (Minor) at 11:28

3rd period

6. NORTH DAKOTA HAWKS , Jordan Kyrou 4 (Nazem Kadri 7, Jason Robertson 11) at 0:52
7. NORTH DAKOTA HAWKS , Nick Suzuki 3 (Patrick Kane 2) at 1:37
8. SAN DIEGO THUNDER , Evander Kane 5 (Charles McAvoy 6, Ryan Hartman 7) at 2:56
9. NORTH DAKOTA HAWKS , Reyley Smith 4 (Patrick Kane 3, Carter Hart) at 4:37 (PP)
10. NORTH DAKOTA HAWKS , Alex Killorn 6 (Reyley Smith 3, Jack Hughes 10) at 17:54

Penalties :
Radko Gudas (SDG) for Roughing (Minor) at 3:19, Evander Kane (SDG) for Tripping (Minor) at 10:38, Evander Kane (SDG) for Hooking (Minor) at 19:40

Goalie Stats

Carter Hart (NDH), 23 saves from 27 shots - (0,852), W, 4-1-1, 60:00 minutes
Connor Hellebuyck (SDG), 34 saves from 40 shots - (0,850), L, 3-6-0, 60:00 minutes

Players Stats for NORTH DAKOTA HAWKS

Player Name              G  A  P  +/- PIM S  H  SB GA TA FO     MP     PP MP  PK MP  
------------------------------------------------------------------------------------
Alex Killorn             1  0  1  -1  0   3  2  0  0  0  0/1    16:07   1:45   0:26 
Colin Blackwell          0  0  0  -1  0   0  0  0  0  0  0/0     7:00   0:00   0:00 
Dillon Dube              0  0  0   0  0   0  0  0  0  0  0/0    16:50   0:44   1:00 
Erik Johnson             0  0  0   0  0   0  2  3  0  0  0/0    18:37   0:38   0:48 
Frank Vatrano            0  0  0  -1  0   0  0  1  0  0  0/0     7:44   0:44   0:00 
Jack Hughes              0  2  2  -1  0   5  0  0  0  0  5/18   17:49   3:53   0:00 
Jason Robertson          1  2  3   1  0   4  0  0  0  0  0/4    20:45   5:26   1:15 
Jordan Kyrou             1  0  1   1  0   2  1  0  0  0  0/1    20:27   5:26   0:57 
Josh Manson              0  0  0   0  2   0  3  0  0  0  0/0    17:00   0:00   0:00 
Mathew Dumba             0  1  1  -1  0   1  0  0  0  0  0/0    19:30   2:25   1:11 
Nazem Kadri              1  2  3   1  0   4  1  0  0  0  20/32  19:40   5:26   0:10 
Nic Dowd                 0  0  0  -1  0   0  1  0  0  0  4/9     7:00   0:00   0:00 
Nick Holden              0  0  0   0  0   2  0  1  0  0  0/0    17:46   1:03   0:26 
Nick Suzuki              1  0  1   0  0   6  2  0  0  0  10/17  17:35   2:29   0:00 
Patrick Kane             0  2  2   0  0   6  1  1  0  0  0/1    18:20   3:14   0:00 
Quinton Hughes           0  0  0   0  0   0  0  2  0  0  0/0    22:54   4:37   0:22 
Reyley Smith             1  1  2  -1  0   6  0  1  0  0  1/2    15:51   1:45   0:10 
Ryan Lindgren            0  0  0  -1  0   1  0  4  0  0  0/0    17:05   0:00   1:11 

Players Stats for SAN DIEGO THUNDER

Player Name              G  A  P  +/- PIM S  H  SB GA TA FO     MP     PP MP  PK MP  
------------------------------------------------------------------------------------
Alexandre Carrier        0  0  0   0  0   1  1  0  0  0  0/0    20:06   0:49   1:02 
Aliaksei Protas          0  0  0   0  0   1  0  0  0  0  2/5     5:10   0:00   0:00 
Austin Czarnik           0  0  0   0  0   0  0  0  0  0  0/0     5:10   0:00   0:00 
Blake Coleman            0  0  0  -2  0   2  1  1  0  0  3/17   17:39   0:00   4:37 
Brandon Saad             1  0  1   1  0   1  0  1  0  0  0/3    20:48   0:49   4:37 
Charles McAvoy           0  2  2   0  0   0  0  1  0  0  0/0    23:48   0:56   4:37 
Connor Murphy            0  0  0   2  0   3  0  4  0  0  0/0    23:46   1:10   4:46 
David Perron             0  0  0   1  0   3  2  1  0  0  0/0    16:32   1:10   0:00 
Derek Forbort            0  0  0  -1  0   2  0  0  0  0  0/0    14:01   0:00   0:00 
Erik Cernak              0  0  0   2  0   1  1  5  0  0  0/0    21:13   0:14   3:09 
Evander Kane             2  0  2   2  4   3  2  0  0  0  0/2    17:19   0:49   0:00 
Isac Lundestrom          0  0  0  -2  2   0  0  0  0  0  1/1    13:01   0:00   0:00 
Karson Kuhlman           0  0  0   0  0   0  2  0  0  0  0/0     5:10   0:00   0:00 
Logan Couture            0  1  1   1  0   4  1  0  0  0  18/26  16:11   0:49   0:00 
Mark Scheifele           1  1  2   2  0   5  1  0  0  0  17/24  18:41   1:10   0:59 
Radko Gudas              0  0  0  -1  4   0  8  2  0  0  0/0    17:04   0:49   2:16 
Ryan Hartman             0  3  3   2  0   1  0  1  0  0  2/4    21:00   1:10   3:18 
Tyler Motte              0  0  0  -2  2   0  2  0  0  0  2/3    15:20   0:00   2:19 

3 Stars

1 - Nazem Kadri (NDH)
2 - Jason Robertson (NDH)
3 - Mark Scheifele (SDG)

Power Play

NORTH DAKOTA HAWKS - 3 on 6 Attempt(s) - 50,00%
SAN DIEGO THUNDER - 0 on 1 Attempt(s) - 0,00%

Penalty Kill

NORTH DAKOTA HAWKS - 1 on 1 Attempt(s) - 100,00% - Score 0 goal in Penalty Kill
SAN DIEGO THUNDER - 3 on 6 Attempt(s) - 50,00% - Score 0 goal in Penalty Kill

Team Stat

NORTH DAKOTA HAWKS - Hits : 13 - Faceoff Wins : 40 - Blocked Shots : 13 - Penalty Minutes : 2
SAN DIEGO THUNDER - Hits : 21 - Faceoff Wins : 45 - Blocked Shots : 16 - Penalty Minutes : 12

Official

Referees : Frederick L'Ecuyer and Terry Koharski
Linesman : Glen Cooke and Vaughan Rody

Game Notes

No Game Note

Finance

Level 1 -- Attendance: 5859 (93,44%) -- Ticket Income 1 025 325 $
Level 2 -- Attendance: 4455 (83,74%) -- Ticket Income 534 600 $
Level 3 -- Attendance: 1865 (89,23%) -- Ticket Income 186 500 $
Level 4 -- Attendance: 3703 (85,72%) -- Ticket Income 259 210 $
Luxury Box -- Attendance: 946 (94,60%) -- Ticket Income 283 800 $
Total Attendance: 16828 (88,57%)
Total Ticket Income: 2 289 435 $
Other Expense: 22 894 $
Total Income: 2 266 541 $

NORTH DAKOTA HAWKS

5 vs 5 Forward 
   Center                   Left Wing                Right Wing               Time % Phy DF OF 
 1 Nazem Kadri              Jason Robertson          Jordan Kyrou             30     0   0  5  
 2 Jack Hughes              Alex Killorn             Reyley Smith             29     0   0  5  
 3 Nick Suzuki              Dillon Dube              Patrick Kane             28     0   2  3  
 4 Nic Dowd                 Colin Blackwell          Frank Vatrano            13     0   3  2  

5 vs 5 Defense 
   Defense                  Defense                                           Time % Phy DF OF 
 1 Quinton Hughes           Erik Johnson                                      37     0   1  4  
 2 Ryan Lindgren            Mathew Dumba                                      33     0   2  3  
 3 Nick Holden              Josh Manson                                       20     0   3  2  
 4 Nick Holden              Josh Manson                                       10     0   3  2  

PowerPlay Forward 
   Center                   Left Wing                Right Wing               Time % Phy DF OF 
 1 Nazem Kadri              Jason Robertson          Jordan Kyrou             55     0   0  5  
 2 Nick Suzuki              Alex Killorn             Reyley Smith             45     0   0  5  

PowerPlay Defense
   Defense                  Defense                                           Time % Phy DF OF 
 1 Jack Hughes              Quinton Hughes                                    55     0   0  5  
 2 Mathew Dumba             Patrick Kane                                      45     0   0  5  

Penalty Kill 4 Players Forward 
   Center                   Wing                     Time % Phy DF OF 
 1 Nic Dowd                 Dillon Dube              70     0   5  0  
 2 Nazem Kadri              Reyley Smith             30     0   5  0  

Penalty Kill 4 Players Defense
   Defense                  Defense                  Time % Phy DF OF 
 1 Ryan Lindgren            Mathew Dumba             70     0   5  0  
 2 Nick Holden              Erik Johnson             30     0   5  0  

Penalty Kill - 3 Players Forward 
   Forward                                           Time % Phy DF OF 
 1 Nic Dowd                                          70     0   5  0  
 2 Nazem Kadri                                       30     0   5  0  

Penalty Kill - 3 Players Defense
   Defense                  Defense                  Time % Phy DF OF 
 1 Ryan Lindgren            Mathew Dumba             70     0   5  0  
 2 Nick Holden              Erik Johnson             30     0   5  0  

4 vs 4 Forward 
   Center                   Wing                     Time % Phy DF OF 
 1 Nazem Kadri              Jason Robertson          55     0   0  5  
 2 Nick Suzuki              Patrick Kane             45     0   0  5  

4 vs 4 Defense
   Defense                  Defense                  Time % Phy DF OF 
 1 Quinton Hughes           Erik Johnson             55     0   1  4  
 2 Ryan Lindgren            Mathew Dumba             45     0   1  4  

Last Minutes Offensive
   Center                   Left Wing                Right Wing               Defense                  Defense                  
   Nazem Kadri              Jason Robertson          Jordan Kyrou             Quinton Hughes           Jack Hughes              

Last Minutes Defensive
   Center                   Left Wing                Right Wing               Defense                  Defense                  
   Nazem Kadri              Jason Robertson          Reyley Smith             Ryan Lindgren            Erik Johnson             

Goaltenders
Starting : Carter Hart              
Backup : Pavel Francouz           

Extra Forwards
Normal : Dillon Dube, Frank Vatrano, Colin Blackwell - PP : Frank Vatrano, Dillon Dube - PK : Jason Robertson
Extra Defensemen
Normal : Ryan Lindgren, Josh Manson, Erik Johnson - PP : Erik Johnson - PK : Josh Manson, Quinton Hughes
Penalty Shots
Nazem Kadri, Jack Hughes, Jason Robertson, Patrick Kane, Jordan Kyrou
Custom OT Lines Forwards
Nazem Kadri, Patrick Kane, Jason Robertson, Jack Hughes, Jordan Kyrou, Nick Suzuki, Alex Killorn, Reyley Smith, Frank Vatrano, Dillon Dube
Custom OT Lines Defensemen
Quinton Hughes, Mathew Dumba, Erik Johnson, Nick Holden, Ryan Lindgren

Scratches
Connor Clifton (Healthy), Marc Staal (Healthy), Jake DeBrusk (Torso Injury)

SAN DIEGO THUNDER

5 vs 5 Forward 
   Center                   Left Wing                Right Wing               Time % Phy DF OF 
 1 Mark Scheifele           Evander Kane             Ryan Hartman             35     0   2  3  
 2 Logan Couture            David Perron             Brandon Saad             32     0   2  3  
 3 Blake Coleman            Isac Lundestrom          Tyler Motte              28     0   3  2  
 4 Aliaksei Protas          Austin Czarnik           Karson Kuhlman           5      0   4  1  

5 vs 5 Defense 
   Defense                  Defense                                           Time % Phy DF OF 
 1 Charles McAvoy           Alexandre Carrier                                 38     0   3  2  
 2 Connor Murphy            Erik Cernak                                       36     0   3  2  
 3 Derek Forbort            Radko Gudas                                       26     0   3  2  
 4 Radko Gudas              Erik Cernak                                       0      0   2  3  

PowerPlay Forward 
   Center                   Left Wing                Right Wing               Time % Phy DF OF 
 1 Mark Scheifele           David Perron             Ryan Hartman             55     0   0  5  
 2 Logan Couture            Evander Kane             Brandon Saad             45     0   0  5  

PowerPlay Defense
   Defense                  Defense                                           Time % Phy DF OF 
 1 Connor Murphy            Charles McAvoy                                    55     0   1  4  
 2 Radko Gudas              Alexandre Carrier                                 45     0   1  4  

Penalty Kill 4 Players Forward 
   Center                   Wing                     Time % Phy DF OF 
 1 Blake Coleman            Brandon Saad             55     0   4  1  
 2 Ryan Hartman             Tyler Motte              45     0   4  1  

Penalty Kill 4 Players Defense
   Defense                  Defense                  Time % Phy DF OF 
 1 Radko Gudas              Connor Murphy            55     0   5  0  
 2 Charles McAvoy           Erik Cernak              45     0   5  0  

Penalty Kill - 3 Players Forward 
   Forward                                           Time % Phy DF OF 
 1 Blake Coleman                                     55     0   5  0  
 2 Tyler Motte                                       45     0   5  0  

Penalty Kill - 3 Players Defense
   Defense                  Defense                  Time % Phy DF OF 
 1 Charles McAvoy           Connor Murphy            55     0   4  1  
 2 Radko Gudas              Erik Cernak              45     0   4  1  

4 vs 4 Forward 
   Center                   Wing                     Time % Phy DF OF 
 1 Mark Scheifele           Logan Couture            55     0   2  3  
 2 David Perron             Evander Kane             45     0   2  3  

4 vs 4 Defense
   Defense                  Defense                  Time % Phy DF OF 
 1 Charles McAvoy           Radko Gudas              55     0   2  3  
 2 Connor Murphy            Erik Cernak              45     0   2  3  

Last Minutes Offensive
   Center                   Left Wing                Right Wing               Defense                  Defense                  
   Mark Scheifele           David Perron             Logan Couture            Charles McAvoy           Connor Murphy            

Last Minutes Defensive
   Center                   Left Wing                Right Wing               Defense                  Defense                  
   Mark Scheifele           Logan Couture            Ryan Hartman             Charles McAvoy           Connor Murphy            

Goaltenders
Starting : Connor Hellebuyck        
Backup : Thomas Greiss            

Extra Forwards
Normal : Mark Scheifele, David Perron, Evander Kane - PP : Mark Scheifele, David Perron - PK : Mark Scheifele
Extra Defensemen
Normal : Connor Murphy, Charles McAvoy, Erik Cernak - PP : Charles McAvoy - PK : Connor Murphy, Charles McAvoy
Penalty Shots
Mark Scheifele, David Perron, Evander Kane, Logan Couture, Brandon Saad
Custom OT Lines Forwards
Mark Scheifele, Ryan Hartman, David Perron, Evander Kane, Brandon Saad, Logan Couture, Tyler Motte, Austin Czarnik, Isac Lundestrom, Aliaksei Protas
Custom OT Lines Defensemen
Charles McAvoy, Connor Murphy, Erik Cernak, Radko Gudas, Alexandre Carrier

Scratches
Drake Batherson (Sore Left Knee Injury)

% Time on Ice - NORTH DAKOTA HAWKS

Lines # - Real PCT - Wanted PCT - Time Play
Normal Forward
1 - 28% - 30% - 14:04
2 - 28% - 29% - 13:56
3 - 30% - 28% - 15:06
4 - 14% - 13% - 7:00
Normal Defense
1 - 36% - 37% - 17:55
2 - 32% - 33% - 15:54
3 - 21% - 20% - 10:39
4 - 11% - 10% - 5:38
PP Forward
1 - 69% - 55% - 5:26
2 - 31% - 45% - 2:29
PP Defense
1 - 58% - 55% - 4:37
2 - 42% - 45% - 3:18
PK Forward
1 - 92% - 70% - 1:49
2 - 8% - 30% - 0:10
PK Defense
1 - 60% - 70% - 1:11
2 - 40% - 30% - 0:48
PK3 Forward
1 - 0% - 70%
2 - 0% - 30%
PK3 Defense
1 - 0% - 70%
2 - 0% - 30%
44 Forward
1 - 0% - 55%
2 - 0% - 45%
44 Defense
1 - 0% - 55%
2 - 0% - 45%
Last Minute Offensive  - 0:00
Last Minute Defensive  - 0:00
Total
Forward - 60:00
Defense - 60:00

% Time on Ice - SAN DIEGO THUNDER

Lines # - Real PCT - Wanted PCT - Time Play
Normal Forward
1 - 33% - 35% - 16:32
2 - 31% - 32% - 15:22
3 - 26% - 28% - 13:02
4 - 10% - 5% - 5:10
Normal Defense
1 - 36% - 38% - 18:15
2 - 36% - 36% - 17:50
3 - 28% - 26% - 14:01
4 - 0% - 0% - 0:00
PP Forward
1 - 59% - 55% - 1:10
2 - 41% - 45% - 0:49
PP Defense
1 - 59% - 55% - 1:10
2 - 41% - 45% - 0:49
PK Forward
1 - 58% - 55% - 4:37
2 - 42% - 45% - 3:18
PK Defense
1 - 60% - 55% - 4:46
2 - 40% - 45% - 3:09
PK3 Forward
1 - 0% - 55%
2 - 0% - 45%
PK3 Defense
1 - 0% - 55%
2 - 0% - 45%
44 Forward
1 - 0% - 55%
2 - 0% - 45%
44 Defense
1 - 0% - 55%
2 - 0% - 45%
Last Minute Offensive  - 0:00
Last Minute Defensive  - 0:00
Total
Forward - 60:00
Defense - 60:00

Play-by-Play

1st period


0:01 of 1st period - Nazem Kadri wins face-off versus Mark Scheifele in neutral zone.
0:12 of 1st period - Shot by Ryan Hartman.
0:12 of 1st period - Shot Misses the Net.
0:14 of 1st period - Shot by Alexandre Carrier.
0:14 of 1st period - Stopped by Carter Hart without a rebound.
0:15 of 1st period - Jack Hughes wins face-off versus Logan Couture in NORTH DAKOTA HAWKS zone.
0:41 of 1st period - Shot by Jack Hughes.
0:41 of 1st period - Stopped by Connor Hellebuyck without a rebound.
0:42 of 1st period - Nick Suzuki wins face-off versus Blake Coleman in SAN DIEGO THUNDER zone.
0:54 of 1st period - Nick Suzuki is hit by Radko Gudas and loses puck.
0:57 of 1st period - Shot by Nick Suzuki.
0:57 of 1st period - Shot Misses the Net.
0:59 of 1st period - Shot by Nick Suzuki.
0:59 of 1st period - Deflect By Patrick Kane.
0:59 of 1st period - Stopped by Connor Hellebuyck without a rebound.
1:00 of 1st period - Mark Scheifele wins face-off versus Nic Dowd in SAN DIEGO THUNDER zone.
1:16 of 1st period - Mark Scheifele is hit by Erik Johnson and loses puck.
1:28 of 1st period - Icing by Alexandre Carrier.
1:29 of 1st period - Mark Scheifele wins face-off versus Nazem Kadri in SAN DIEGO THUNDER zone.
2:44 of 1st period - Shot by Nick Suzuki.
2:44 of 1st period - Shot Hit the Post.
2:58 of 1st period - Shot by Patrick Kane.
2:58 of 1st period - Stopped by Connor Hellebuyck without a rebound.
2:59 of 1st period - Logan Couture wins face-off versus Jack Hughes in SAN DIEGO THUNDER zone.
3:36 of 1st period - Icing by Derek Forbort.
3:37 of 1st period - Logan Couture wins face-off versus Nick Suzuki in SAN DIEGO THUNDER zone.
3:44 of 1st period - Shot by David Perron.
3:44 of 1st period - Shot Blocked by Ryan Lindgren.
3:48 of 1st period - Shot by Logan Couture.
3:48 of 1st period - Stopped by Carter Hart with a rebound.
3:50 of 1st period - Shot by Derek Forbort.
3:50 of 1st period - Stopped by Carter Hart without a rebound.
3:51 of 1st period - Aliaksei Protas wins face-off versus Nic Dowd in NORTH DAKOTA HAWKS zone.
4:23 of 1st period - Nic Dowd is hit by Karson Kuhlman and loses puck.
4:37 of 1st period - Icing by Nick Holden.
4:38 of 1st period - Nic Dowd wins face-off versus Blake Coleman in NORTH DAKOTA HAWKS zone.
5:05 of 1st period - Shot by Blake Coleman.
5:05 of 1st period - Shot Blocked by Nick Holden.
5:14 of 1st period - Blake Coleman is hit by Josh Manson and loses puck.
5:45 of 1st period - Icing by Nick Holden.
5:46 of 1st period - Logan Couture wins face-off versus Nic Dowd in NORTH DAKOTA HAWKS zone.
5:46 of 1st period - Logan Couture is hit by Josh Manson.
5:47 of 1st period - Minor Penalty to Josh Manson for Roughing.
5:48 of 1st period - Mark Scheifele wins face-off versus Jason Robertson in NORTH DAKOTA HAWKS zone.
6:02 of 1st period - Icing by Ryan Hartman.
6:03 of 1st period - Mark Scheifele wins face-off versus Jason Robertson in SAN DIEGO THUNDER zone.
6:12 of 1st period - Shot by David Perron.
6:12 of 1st period - Shot Misses the Net.
6:14 of 1st period - Shot by Connor Murphy.
6:14 of 1st period - Shot Misses the Net.
6:16 of 1st period - Shot by David Perron.
6:16 of 1st period - Shot Misses the Net.
6:38 of 1st period - Ryan Lindgren is hit by David Perron and loses puck.
6:53 of 1st period - Shot by Logan Couture.
6:53 of 1st period - Stopped by Carter Hart with a rebound.
8:33 of 1st period - Icing by Connor Murphy.
8:34 of 1st period - Tyler Motte wins face-off versus Nick Suzuki in SAN DIEGO THUNDER zone.
9:05 of 1st period - Shot by Mark Scheifele.
9:05 of 1st period - Stopped by Carter Hart without a rebound.
9:06 of 1st period - Logan Couture wins face-off versus Nazem Kadri in NORTH DAKOTA HAWKS zone.
9:19 of 1st period - Icing by Logan Couture.
9:20 of 1st period - Logan Couture wins face-off versus Nic Dowd in SAN DIEGO THUNDER zone.
9:25 of 1st period - Shot by David Perron.
9:25 of 1st period - Stopped by Carter Hart without a rebound.
9:26 of 1st period - Nazem Kadri wins face-off versus Evander Kane in NORTH DAKOTA HAWKS zone.
9:26 of 1st period - Jordan Kyrou is hit by Evander Kane and loses puck.
10:07 of 1st period - Shot by Nazem Kadri.
10:07 of 1st period - Deflect By Jordan Kyrou.
10:07 of 1st period - Shot Misses the Net.
10:36 of 1st period - Nick Suzuki is hit by Radko Gudas and loses puck.
10:41 of 1st period - Shot by Nick Suzuki.
10:41 of 1st period - Shot Blocked by Ryan Hartman.
10:50 of 1st period - Nick Suzuki is hit by Radko Gudas and loses puck.
10:58 of 1st period - Patrick Kane is hit by Radko Gudas and loses puck.
11:03 of 1st period - Shot by Patrick Kane.
11:03 of 1st period - Deflect By Nick Suzuki.
11:03 of 1st period - Stopped by Connor Hellebuyck without a rebound.
11:04 of 1st period - Logan Couture wins face-off versus Jack Hughes in SAN DIEGO THUNDER zone.
11:15 of 1st period - Shot by Brandon Saad.
11:15 of 1st period - Shot Misses the Net.
12:01 of 1st period - David Perron is hit by Alex Killorn and loses puck.
12:33 of 1st period - Shot by Isac Lundestrom.
12:33 of 1st period - Shot Blocked by Reyley Smith.
13:28 of 1st period - Shot by Austin Czarnik.
13:28 of 1st period - Shot Blocked by Ryan Lindgren.
13:55 of 1st period - Shot by Patrick Kane.
13:55 of 1st period - Shot Blocked by Connor Murphy.
13:57 of 1st period - Shot by Dillon Dube.
13:57 of 1st period - Shot Blocked by Erik Cernak.
13:59 of 1st period - Shot by Erik Johnson.
13:59 of 1st period - Shot Misses the Net.
14:05 of 1st period - Shot by Nick Suzuki.
14:05 of 1st period - Stopped by Connor Hellebuyck without a rebound.
14:06 of 1st period - Nic Dowd wins face-off versus Logan Couture in SAN DIEGO THUNDER zone.
14:19 of 1st period - Shot by David Perron.
14:19 of 1st period - Shot Blocked by Frank Vatrano.
14:52 of 1st period - Shot by David Perron.
14:52 of 1st period - Deflect By Brandon Saad.
14:52 of 1st period - Shot Misses the Net.
15:09 of 1st period - Isac Lundestrom is hit by Nick Suzuki and loses puck.
15:14 of 1st period - Shot by Patrick Kane.
15:14 of 1st period - Shot Blocked by Erik Cernak.
15:16 of 1st period - Shot by Dillon Dube.
15:16 of 1st period - Shot Misses the Net.
15:30 of 1st period - Shot by Patrick Kane.
15:30 of 1st period - Deflect By Nick Suzuki.
15:30 of 1st period - Stopped by Connor Hellebuyck without a rebound.
15:31 of 1st period - Nazem Kadri wins face-off versus Mark Scheifele in SAN DIEGO THUNDER zone.
15:52 of 1st period - Shot by Ryan Hartman.
15:52 of 1st period - Shot Misses the Net.
15:54 of 1st period - Shot by Derek Forbort.
15:54 of 1st period - Stopped by Carter Hart without a rebound.
15:55 of 1st period - Nick Suzuki wins face-off versus Aliaksei Protas in NORTH DAKOTA HAWKS zone.
15:55 of 1st period - Nick Suzuki is hit by Karson Kuhlman.
16:09 of 1st period - Shot by Dillon Dube.
16:09 of 1st period - Deflect By Nick Suzuki.
16:09 of 1st period - Shot Misses the Net.
16:34 of 1st period - Shot by Patrick Kane.
16:34 of 1st period - Shot Blocked by Charles McAvoy.
16:36 of 1st period - Shot by Mathew Dumba.
16:36 of 1st period - Stopped by Connor Hellebuyck without a rebound.
16:37 of 1st period - Nazem Kadri wins face-off versus Logan Couture in SAN DIEGO THUNDER zone.
16:42 of 1st period - Shot by Jason Robertson.
16:42 of 1st period - Shot Misses the Net.
16:52 of 1st period - Icing by Josh Manson.
16:53 of 1st period - Mark Scheifele wins face-off versus Nazem Kadri in NORTH DAKOTA HAWKS zone.
17:25 of 1st period - Shot by Mark Scheifele.
17:25 of 1st period - Shot Misses the Net.
17:36 of 1st period - Icing by Josh Manson.
17:37 of 1st period - Nazem Kadri wins face-off versus Logan Couture in NORTH DAKOTA HAWKS zone.
18:19 of 1st period - Josh Manson is hit by Logan Couture and loses puck.
18:35 of 1st period - Nazem Kadri is hit by Tyler Motte and loses puck.
18:58 of 1st period - Shot by Isac Lundestrom.
18:58 of 1st period - Deflect By Blake Coleman.
18:58 of 1st period - Stopped by Carter Hart without a rebound.
18:59 of 1st period - Mark Scheifele wins face-off versus Jack Hughes in NORTH DAKOTA HAWKS zone.
19:06 of 1st period - Shot by Evander Kane.
19:06 of 1st period - Goal by Evander Kane - NORTH DAKOTA HAWKS : 0 - SAN DIEGO THUNDER : 1.
19:07 of 1st period - Mark Scheifele wins face-off versus Reyley Smith in neutral zone.
19:34 of 1st period - Off-side.
19:35 of 1st period - Logan Couture wins face-off versus Nick Suzuki in neutral zone.
19:41 of 1st period - Icing by Ryan Lindgren.
19:42 of 1st period - Logan Couture wins face-off versus Nick Suzuki in NORTH DAKOTA HAWKS zone.
19:58 of 1st period - Icing by David Perron.
19:59 of 1st period - Logan Couture wins face-off versus Jack Hughes in SAN DIEGO THUNDER zone.
Goals for this period are 0 for NORTH DAKOTA HAWKS vs 1 for SAN DIEGO THUNDER.
Shots for this period are 7 for NORTH DAKOTA HAWKS vs 9 for SAN DIEGO THUNDER.

2nd period


0:01 of 2nd period - Logan Couture wins face-off versus Jack Hughes in neutral zone.
0:26 of 2nd period - Shot by David Perron.
0:26 of 2nd period - Shot Misses the Net.
0:40 of 2nd period - Shot by Logan Couture.
0:40 of 2nd period - Shot Blocked by Erik Johnson.
1:23 of 2nd period - Shot by Patrick Kane.
1:23 of 2nd period - Shot Misses the Net.
1:57 of 2nd period - Shot by Evander Kane.
1:57 of 2nd period - Shot Misses the Net.
2:29 of 2nd period - Minor Penalty to Isac Lundestrom for Slashing.
2:30 of 2nd period - Nazem Kadri wins face-off versus Blake Coleman in SAN DIEGO THUNDER zone.
2:33 of 2nd period - Shot by Jason Robertson.
2:33 of 2nd period - Shot Blocked by Blake Coleman.
2:35 of 2nd period - Shot by Jason Robertson.
2:35 of 2nd period - Shot Misses the Net.
2:37 of 2nd period - Shot by Jack Hughes.
2:37 of 2nd period - Shot Blocked by Brandon Saad.
2:52 of 2nd period - Shot by Jason Robertson.
2:52 of 2nd period - Shot Misses the Net.
2:54 of 2nd period - Shot by Nazem Kadri.
2:54 of 2nd period - Goal by Nazem Kadri - NORTH DAKOTA HAWKS : 1 - SAN DIEGO THUNDER : 1.
2:55 of 2nd period - Nic Dowd wins face-off versus Aliaksei Protas in neutral zone.
3:09 of 2nd period - Off-side.
3:10 of 2nd period - Mark Scheifele wins face-off versus Alex Killorn in neutral zone.
3:20 of 2nd period - Shot by Ryan Hartman.
3:20 of 2nd period - Deflect By Mark Scheifele.
3:20 of 2nd period - Stopped by Carter Hart with a rebound.
4:33 of 2nd period - Shot by Erik Cernak.
4:33 of 2nd period - Shot Misses the Net.
5:19 of 2nd period - David Perron is hit by Patrick Kane and loses puck.
5:37 of 2nd period - Shot by Nick Suzuki.
5:37 of 2nd period - Shot Misses the Net.
5:44 of 2nd period - Patrick Kane is hit by Radko Gudas and loses puck.
5:56 of 2nd period - Minor Penalty to Radko Gudas for Hooking.
5:57 of 2nd period - Ryan Hartman wins face-off versus Jordan Kyrou in SAN DIEGO THUNDER zone.
6:11 of 2nd period - Shot by Nazem Kadri.
6:11 of 2nd period - Stopped by Connor Hellebuyck without a rebound.
6:12 of 2nd period - Nazem Kadri wins face-off versus Ryan Hartman in SAN DIEGO THUNDER zone.
6:39 of 2nd period - Shot by Brandon Saad.
6:39 of 2nd period - Deflect By Blake Coleman.
6:39 of 2nd period - Stopped by Carter Hart with a rebound.
7:49 of 2nd period - Shot by Nazem Kadri.
7:49 of 2nd period - Deflect By Jason Robertson.
7:49 of 2nd period - Stopped by Connor Hellebuyck with a rebound.
7:51 of 2nd period - Shot by Jason Robertson.
7:51 of 2nd period - Goal by Jason Robertson - NORTH DAKOTA HAWKS : 2 - SAN DIEGO THUNDER : 1.
7:52 of 2nd period - Aliaksei Protas wins face-off versus Jack Hughes in neutral zone.
8:38 of 2nd period - Off-side.
8:39 of 2nd period - Mark Scheifele wins face-off versus Nazem Kadri in neutral zone.
8:41 of 2nd period - Off-side.
8:42 of 2nd period - Mark Scheifele wins face-off versus Nazem Kadri in neutral zone.
8:45 of 2nd period - Shot by Evander Kane.
8:45 of 2nd period - Shot Misses the Net.
8:47 of 2nd period - Shot by Alexandre Carrier.
8:47 of 2nd period - Shot Blocked by Quinton Hughes.
8:49 of 2nd period - Shot by Ryan Hartman.
8:49 of 2nd period - Shot Misses the Net.
8:51 of 2nd period - Shot by Ryan Hartman.
8:51 of 2nd period - Deflect By Mark Scheifele.
8:51 of 2nd period - Stopped by Carter Hart without a rebound.
8:52 of 2nd period - Mark Scheifele wins face-off versus Nick Suzuki in NORTH DAKOTA HAWKS zone.
9:17 of 2nd period - Shot by Patrick Kane.
9:17 of 2nd period - Stopped by Connor Hellebuyck with a rebound.
9:27 of 2nd period - Shot by Nick Suzuki.
9:27 of 2nd period - Stopped by Connor Hellebuyck without a rebound.
9:28 of 2nd period - Blake Coleman wins face-off versus Jason Robertson in SAN DIEGO THUNDER zone.
9:38 of 2nd period - Shot by Jordan Kyrou.
9:38 of 2nd period - Deflect By Nazem Kadri.
9:38 of 2nd period - Shot Blocked by Erik Cernak.
9:40 of 2nd period - Shot by Ryan Lindgren.
9:40 of 2nd period - Shot Misses the Net.
10:01 of 2nd period - Icing by Mathew Dumba.
10:02 of 2nd period - Nazem Kadri wins face-off versus Logan Couture in NORTH DAKOTA HAWKS zone.
10:13 of 2nd period - Shot by Jason Robertson.
10:13 of 2nd period - Stopped by Connor Hellebuyck without a rebound.
10:14 of 2nd period - Nick Suzuki wins face-off versus Mark Scheifele in SAN DIEGO THUNDER zone.
10:14 of 2nd period - Nick Suzuki is hit by Radko Gudas.
11:13 of 2nd period - Shot by Logan Couture.
11:13 of 2nd period - Shot Misses the Net.
11:15 of 2nd period - Shot by Logan Couture.
11:15 of 2nd period - Shot Misses the Net.
11:17 of 2nd period - Shot by Connor Murphy.
11:17 of 2nd period - Stopped by Carter Hart without a rebound.
11:18 of 2nd period - Isac Lundestrom wins face-off versus Nazem Kadri in NORTH DAKOTA HAWKS zone.
11:28 of 2nd period - Minor Penalty to Tyler Motte for Holding.
11:29 of 2nd period - Nazem Kadri wins face-off versus Blake Coleman in SAN DIEGO THUNDER zone.
11:38 of 2nd period - Shot by Nazem Kadri.
11:38 of 2nd period - Shot Misses the Net.
11:40 of 2nd period - Shot by Jack Hughes.
11:40 of 2nd period - Stopped by Connor Hellebuyck with a rebound.
12:45 of 2nd period - Shot by Patrick Kane.
12:45 of 2nd period - Stopped by Connor Hellebuyck with a rebound.
12:47 of 2nd period - Shot by Mathew Dumba.
12:47 of 2nd period - Shot Blocked by Radko Gudas.
13:05 of 2nd period - Shot by Nick Suzuki.
13:05 of 2nd period - Stopped by Connor Hellebuyck with a rebound.
13:07 of 2nd period - Shot by Reyley Smith.
13:07 of 2nd period - Shot Misses the Net.
13:09 of 2nd period - Shot by Reyley Smith.
13:09 of 2nd period - Stopped by Connor Hellebuyck without a rebound.
13:10 of 2nd period - Nazem Kadri wins face-off versus Blake Coleman in SAN DIEGO THUNDER zone.
14:22 of 2nd period - Shot by Brandon Saad.
14:22 of 2nd period - Goal by Brandon Saad - NORTH DAKOTA HAWKS : 2 - SAN DIEGO THUNDER : 2.
14:23 of 2nd period - Tyler Motte wins face-off versus Jack Hughes in neutral zone.
15:01 of 2nd period - Shot by Alex Killorn.
15:01 of 2nd period - Shot Misses the Net.
15:48 of 2nd period - Shot by Jason Robertson.
15:48 of 2nd period - Shot Blocked by Connor Murphy.
16:00 of 2nd period - Shot by Jordan Kyrou.
16:00 of 2nd period - Stopped by Connor Hellebuyck without a rebound.
16:01 of 2nd period - Nick Suzuki wins face-off versus Mark Scheifele in SAN DIEGO THUNDER zone.
16:20 of 2nd period - Nick Holden is hit by Mark Scheifele and loses puck.
16:39 of 2nd period - Shot by Mark Scheifele.
16:39 of 2nd period - Stopped by Carter Hart without a rebound.
16:40 of 2nd period - Logan Couture wins face-off versus Jack Hughes in NORTH DAKOTA HAWKS zone.
16:41 of 2nd period - Shot by Brandon Saad.
16:41 of 2nd period - Shot Misses the Net.
16:43 of 2nd period - Shot by Logan Couture.
16:43 of 2nd period - Shot Misses the Net.
16:45 of 2nd period - Shot by Connor Murphy.
16:45 of 2nd period - Stopped by Carter Hart without a rebound.
16:46 of 2nd period - Nazem Kadri wins face-off versus Brandon Saad in NORTH DAKOTA HAWKS zone.
16:46 of 2nd period - Nazem Kadri is hit by David Perron.
16:54 of 2nd period - Icing by Connor Murphy.
16:55 of 2nd period - Logan Couture wins face-off versus Nazem Kadri in SAN DIEGO THUNDER zone.
17:04 of 2nd period - Shot by Brandon Saad.
17:04 of 2nd period - Deflect By David Perron.
17:04 of 2nd period - Shot Blocked by Erik Johnson.
17:06 of 2nd period - Shot by Connor Murphy.
17:06 of 2nd period - Stopped by Carter Hart without a rebound.
17:07 of 2nd period - Nick Suzuki wins face-off versus Evander Kane in NORTH DAKOTA HAWKS zone.
17:12 of 2nd period - Shot by Patrick Kane.
17:12 of 2nd period - Shot Misses the Net.
17:34 of 2nd period - Shot by Mark Scheifele.
17:34 of 2nd period - Shot Blocked by Ryan Lindgren.
17:36 of 2nd period - Shot by Mark Scheifele.
17:36 of 2nd period - Goal by Mark Scheifele - NORTH DAKOTA HAWKS : 2 - SAN DIEGO THUNDER : 3.
17:37 of 2nd period - Nazem Kadri wins face-off versus Logan Couture in neutral zone.
18:13 of 2nd period - Shot by Logan Couture.
18:13 of 2nd period - Stopped by Carter Hart without a rebound.
18:14 of 2nd period - Nick Suzuki wins face-off versus Blake Coleman in NORTH DAKOTA HAWKS zone.
18:40 of 2nd period - Dillon Dube is hit by Tyler Motte.
19:21 of 2nd period - Icing by Mark Scheifele.
19:22 of 2nd period - Mark Scheifele wins face-off versus Nazem Kadri in SAN DIEGO THUNDER zone.
19:22 of 2nd period - Mark Scheifele is hit by Jordan Kyrou.
19:29 of 2nd period - Mark Scheifele is hit by Erik Johnson and loses puck.
19:32 of 2nd period - Shot by Evander Kane.
19:32 of 2nd period - Shot Misses the Net.
19:46 of 2nd period - Shot by Evander Kane.
19:46 of 2nd period - Stopped by Carter Hart without a rebound.
19:47 of 2nd period - Logan Couture wins face-off versus Jack Hughes in NORTH DAKOTA HAWKS zone.
19:58 of 2nd period - Erik Cernak is hit by Alex Killorn and loses puck.
Goals for this period are 2 for NORTH DAKOTA HAWKS vs 2 for SAN DIEGO THUNDER.
Shots for this period are 12 for NORTH DAKOTA HAWKS vs 11 for SAN DIEGO THUNDER.

3rd period


0:01 of 3rd period - Logan Couture wins face-off versus Jack Hughes in neutral zone.
0:12 of 3rd period - Shot by David Perron.
0:12 of 3rd period - Shot Misses the Net.
0:22 of 3rd period - Shot by Jack Hughes.
0:22 of 3rd period - Stopped by Connor Hellebuyck without a rebound.
0:23 of 3rd period - Nazem Kadri wins face-off versus Mark Scheifele in SAN DIEGO THUNDER zone.
0:52 of 3rd period - Shot by Jordan Kyrou.
0:52 of 3rd period - Goal by Jordan Kyrou - NORTH DAKOTA HAWKS : 3 - SAN DIEGO THUNDER : 3.
0:53 of 3rd period - Reyley Smith wins face-off versus Brandon Saad in neutral zone.
1:09 of 3rd period - Off-side.
1:10 of 3rd period - Nick Suzuki wins face-off versus Blake Coleman in neutral zone.
1:37 of 3rd period - Shot by Nick Suzuki.
1:37 of 3rd period - Goal by Nick Suzuki - NORTH DAKOTA HAWKS : 4 - SAN DIEGO THUNDER : 3.
1:38 of 3rd period - Nazem Kadri wins face-off versus Logan Couture in neutral zone.
1:55 of 3rd period - Shot by Jason Robertson.
1:55 of 3rd period - Shot Blocked by Connor Murphy.
2:13 of 3rd period - Shot by Jordan Kyrou.
2:13 of 3rd period - Shot Blocked by Erik Cernak.
2:38 of 3rd period - Off-side.
2:39 of 3rd period - Mark Scheifele wins face-off versus Jack Hughes in neutral zone.
2:56 of 3rd period - Shot by Evander Kane.
2:56 of 3rd period - Goal by Evander Kane - NORTH DAKOTA HAWKS : 4 - SAN DIEGO THUNDER : 4.
2:57 of 3rd period - Nick Suzuki wins face-off versus Tyler Motte in neutral zone.
3:04 of 3rd period - Shot by Patrick Kane.
3:04 of 3rd period - Shot Misses the Net.
3:12 of 3rd period - Shot by Patrick Kane.
3:12 of 3rd period - Shot Blocked by Radko Gudas.
3:17 of 3rd period - Icing by Radko Gudas.
3:18 of 3rd period - Jack Hughes wins face-off versus Blake Coleman in SAN DIEGO THUNDER zone.
3:18 of 3rd period - Reyley Smith is hit by Radko Gudas and loses puck.
3:19 of 3rd period - Minor Penalty to Radko Gudas for Roughing.
3:20 of 3rd period - Nazem Kadri wins face-off versus Blake Coleman in SAN DIEGO THUNDER zone.
4:35 of 3rd period - Shot by Reyley Smith.
4:35 of 3rd period - Stopped by Connor Hellebuyck with a rebound.
4:37 of 3rd period - Shot by Reyley Smith.
4:37 of 3rd period - Goal by Reyley Smith - NORTH DAKOTA HAWKS : 5 - SAN DIEGO THUNDER : 4.
4:38 of 3rd period - Nic Dowd wins face-off versus Aliaksei Protas in neutral zone.
5:01 of 3rd period - Karson Kuhlman is hit by Josh Manson and loses puck.
5:14 of 3rd period - Shot by Aliaksei Protas.
5:14 of 3rd period - Shot Misses the Net.
5:48 of 3rd period - Jack Hughes is hit by Evander Kane and loses puck.
6:27 of 3rd period - Shot by Jack Hughes.
6:27 of 3rd period - Deflect By Alex Killorn.
6:27 of 3rd period - Stopped by Connor Hellebuyck with a rebound.
6:30 of 3rd period - Icing by Erik Cernak.
6:31 of 3rd period - Logan Couture wins face-off versus Nazem Kadri in SAN DIEGO THUNDER zone.
6:40 of 3rd period - Shot by Jason Robertson.
6:40 of 3rd period - Deflect By Jordan Kyrou.
6:40 of 3rd period - Shot Misses the Net.
6:42 of 3rd period - Shot by Jordan Kyrou.
6:42 of 3rd period - Shot Misses the Net.
6:44 of 3rd period - Shot by Ryan Lindgren.
6:44 of 3rd period - Stopped by Connor Hellebuyck with a rebound.
6:54 of 3rd period - Shot by Jason Robertson.
6:54 of 3rd period - Shot Blocked by David Perron.
7:14 of 3rd period - Shot by Jason Robertson.
7:14 of 3rd period - Shot Blocked by Connor Murphy.
7:52 of 3rd period - Shot by Patrick Kane.
7:52 of 3rd period - Shot Misses the Net.
7:54 of 3rd period - Shot by Nick Holden.
7:54 of 3rd period - Stopped by Connor Hellebuyck with a rebound.
8:12 of 3rd period - Off-side.
8:13 of 3rd period - Jack Hughes wins face-off versus Mark Scheifele in neutral zone.
8:46 of 3rd period - Shot by Ryan Hartman.
8:46 of 3rd period - Shot Misses the Net.
9:14 of 3rd period - Shot by Aliaksei Protas.
9:14 of 3rd period - Stopped by Carter Hart without a rebound.
9:15 of 3rd period - Nazem Kadri wins face-off versus Blake Coleman in NORTH DAKOTA HAWKS zone.
9:15 of 3rd period - Jason Robertson is hit by Blake Coleman and loses puck.
9:42 of 3rd period - Shot by Nazem Kadri.
9:42 of 3rd period - Stopped by Connor Hellebuyck without a rebound.
9:43 of 3rd period - Logan Couture wins face-off versus Nick Suzuki in SAN DIEGO THUNDER zone.
9:54 of 3rd period - Shot by Logan Couture.
9:54 of 3rd period - Stopped by Carter Hart with a rebound.
10:38 of 3rd period - Minor Penalty to Evander Kane for Tripping.
10:39 of 3rd period - Blake Coleman wins face-off versus Nazem Kadri in SAN DIEGO THUNDER zone.
10:52 of 3rd period - Charles McAvoy is hit by Nazem Kadri and loses puck.
11:06 of 3rd period - Icing by Jason Robertson.
11:07 of 3rd period - Blake Coleman wins face-off versus Nazem Kadri in NORTH DAKOTA HAWKS zone.
11:20 of 3rd period - Shot by Nazem Kadri.
11:20 of 3rd period - Stopped by Connor Hellebuyck without a rebound.
11:21 of 3rd period - Nick Suzuki wins face-off versus Ryan Hartman in SAN DIEGO THUNDER zone.
11:59 of 3rd period - Shot by Patrick Kane.
11:59 of 3rd period - Stopped by Connor Hellebuyck without a rebound.
12:00 of 3rd period - Ryan Hartman wins face-off versus Jason Robertson in SAN DIEGO THUNDER zone.
13:30 of 3rd period - Shot by Ryan Hartman.
13:30 of 3rd period - Shot Misses the Net.
13:32 of 3rd period - Shot by Ryan Hartman.
13:32 of 3rd period - Shot Misses the Net.
15:25 of 3rd period - Icing by Brandon Saad.
15:26 of 3rd period - Logan Couture wins face-off versus Jack Hughes in SAN DIEGO THUNDER zone.
15:33 of 3rd period - Shot by David Perron.
15:33 of 3rd period - Stopped by Carter Hart with a rebound.
15:50 of 3rd period - Shot by Jack Hughes.
15:50 of 3rd period - Stopped by Connor Hellebuyck with a rebound.
15:52 of 3rd period - Shot by Nick Holden.
15:52 of 3rd period - Stopped by Connor Hellebuyck with a rebound.
15:54 of 3rd period - Shot by Reyley Smith.
15:54 of 3rd period - Shot Misses the Net.
15:56 of 3rd period - Shot by Reyley Smith.
15:56 of 3rd period - Stopped by Connor Hellebuyck without a rebound.
15:57 of 3rd period - Mark Scheifele wins face-off versus Nic Dowd in SAN DIEGO THUNDER zone.
15:57 of 3rd period - Mark Scheifele is hit by Nic Dowd.
16:03 of 3rd period - Shot by Evander Kane.
16:03 of 3rd period - Shot Blocked by Ryan Lindgren.
16:05 of 3rd period - Shot by Erik Cernak.
16:05 of 3rd period - Shot Misses the Net.
16:07 of 3rd period - Shot by Erik Cernak.
16:07 of 3rd period - Stopped by Carter Hart without a rebound.
16:08 of 3rd period - Mark Scheifele wins face-off versus Nazem Kadri in NORTH DAKOTA HAWKS zone.
16:09 of 3rd period - Shot by Ryan Hartman.
16:09 of 3rd period - Stopped by Carter Hart without a rebound.
16:10 of 3rd period - Mark Scheifele wins face-off versus Jack Hughes in NORTH DAKOTA HAWKS zone.
16:15 of 3rd period - Shot by Evander Kane.
16:15 of 3rd period - Shot Blocked by Quinton Hughes.
16:32 of 3rd period - Reyley Smith is hit by Erik Cernak.
16:39 of 3rd period - Icing by Erik Cernak.
16:40 of 3rd period - Nazem Kadri wins face-off versus Mark Scheifele in SAN DIEGO THUNDER zone.
16:57 of 3rd period - Shot by Nazem Kadri.
16:57 of 3rd period - Shot Misses the Net.
17:03 of 3rd period - Shot by Jason Robertson.
17:03 of 3rd period - Shot Blocked by Erik Cernak.
17:05 of 3rd period - Shot by Jason Robertson.
17:05 of 3rd period - Stopped by Connor Hellebuyck without a rebound.
17:06 of 3rd period - Jack Hughes wins face-off versus Blake Coleman in SAN DIEGO THUNDER zone.
17:06 of 3rd period - Jack Hughes is hit by Alexandre Carrier.
17:14 of 3rd period - Shot by Jack Hughes.
17:14 of 3rd period - Stopped by Connor Hellebuyck with a rebound.
17:16 of 3rd period - Shot by Alex Killorn.
17:16 of 3rd period - Stopped by Connor Hellebuyck without a rebound.
17:17 of 3rd period - Logan Couture wins face-off versus Patrick Kane in SAN DIEGO THUNDER zone.
17:32 of 3rd period - Shot by Patrick Kane.
17:32 of 3rd period - Stopped by Connor Hellebuyck without a rebound.
17:33 of 3rd period - Jack Hughes wins face-off versus Blake Coleman in SAN DIEGO THUNDER zone.
17:33 of 3rd period - Jack Hughes is hit by Radko Gudas.
17:50 of 3rd period - Shot by Reyley Smith.
17:50 of 3rd period - Stopped by Connor Hellebuyck with a rebound.
17:52 of 3rd period - Shot by Reyley Smith.
17:52 of 3rd period - Stopped by Connor Hellebuyck with a rebound.
17:54 of 3rd period - Shot by Alex Killorn.
17:54 of 3rd period - Goal by Alex Killorn - NORTH DAKOTA HAWKS : 6 - SAN DIEGO THUNDER : 4.
17:55 of 3rd period - Nazem Kadri wins face-off versus Logan Couture in neutral zone.
18:05 of 3rd period - Off-side.
18:06 of 3rd period - Nick Suzuki wins face-off versus Blake Coleman in neutral zone.
18:09 of 3rd period - Connor Murphy is hit by Nick Suzuki.
19:06 of 3rd period - Shot by David Perron.
19:06 of 3rd period - Stopped by Carter Hart with a rebound.
19:08 of 3rd period - Shot by Logan Couture.
19:08 of 3rd period - Shot Misses the Net.
19:10 of 3rd period - Shot by Charles McAvoy.
19:10 of 3rd period - Shot Blocked by Patrick Kane.
19:19 of 3rd period - Icing by Erik Johnson.
19:20 of 3rd period - Mark Scheifele wins face-off versus Nick Suzuki in NORTH DAKOTA HAWKS zone.
19:23 of 3rd period - Shot by Ryan Hartman.
19:23 of 3rd period - Shot Misses the Net.
19:25 of 3rd period - Shot by Evander Kane.
19:25 of 3rd period - Shot Blocked by Erik Johnson.
19:40 of 3rd period - Minor Penalty to Evander Kane for Hooking.
19:41 of 3rd period - Nazem Kadri wins face-off versus Brandon Saad in SAN DIEGO THUNDER zone.
19:55 of 3rd period - Off-side.
19:56 of 3rd period - Nazem Kadri wins face-off versus Blake Coleman in neutral zone.
Goals for this period are 4 for NORTH DAKOTA HAWKS vs 1 for SAN DIEGO THUNDER.
Shots for this period are 21 for NORTH DAKOTA HAWKS vs 7 for SAN DIEGO THUNDER.


CAMERON
TALBOT
ROBERT
THOMAS
JOSHUA
MORRISSEY

EAST COAST

HOCKEY LEAGUE

  • 5.MAN2PIT5
  • 6.NHW2ATL6
  • 7.PET2WOR3
  • 8.RHI15
  • 9.CHIQUE
  • 10.LIMCHA
  • 11.LONTRV
  • 12.BALCHW